 Dungeon Crawl Stone Soup version 0.29.1-13-g9f3cf754e1 (webtiles) character file.

Game seed: 13514473072860359491

13 booth the Grasshopper (level 2, -3/20 HPs)
             Began as a Gnoll Wanderer on Jan 31, 2023.
             Engulfed by a cloud of flame (23 damage)
             ... on level 1 of the Dungeon.
             The game lasted 00:04:17 (779 turns).

booth the Grasshopper (Gnoll Wanderer)               Turns: 779, Time: 00:04:18

Health: -3/20      AC:  2    Str:  9    XL:     2   Next: 37%
Magic:  7/7        EV: 12    Int: 11    God:
Gold:   39         SH:  4    Dex: 13    Spells: 9/10 levels left

rFire   . . .      SeeInvis .   a - +0 short sword
rCold   . . .      Faith    .   b - +0 buckler
rNeg    . . .      Spirit   .   d - +0 robe
rPois   .          Reflect  .   (no helmet)
rElec   .          Harm     .   (no cloak)
rCorr   .          Rampage  .   (no gloves)
Will    .....                   (no boots)
Stlth   +.........              (no amulet)
HPRegen 0.06/turn               (no ring)
MPRegen 0.10/turn               (no ring)

@: no status effects
A: fangs 1, strong nose, distributed training
a: no special abilities


You were on level 1 of the Dungeon.
You visited 1 branch of the dungeon, and saw 1 of its levels.

You collected 39 gold pieces.

Inventory:

Hand Weapons
 a - a +0 short sword (weapon)
 e - a +0 mace
Armour
 b - a +0 buckler (worn)
 d - a +0 robe (worn)
Scrolls
 c - a scroll of fear
 f - a scroll of immolation {unknown}
 g - a scroll of torment {unknown}


   Skills:
 + Level 0.4 Fighting
 + Level 4.5 Short Blades
 + Level 0.4 Long Blades
 + Level 0.4 Axes
 + Level 0.4 Maces & Flails
 + Level 0.4 Polearms
 + Level 0.4 Staves
 + Level 0.4 Ranged Weapons
 + Level 0.4 Throwing
 + Level 0.4 Armour
 + Level 2.5 Dodging
 + Level 0.4 Stealth
 + Level 2.5 Shields
 + Level 0.4 Unarmed Combat
 + Level 4.9 Spellcasting
 + Level 0.2 Conjurations
 + Level 0.2 Hexes
 + Level 0.2 Summonings
 + Level 0.2 Necromancy
 + Level 7.0 Translocations
 + Level 0.2 Transmutations
 + Level 0.2 Fire Magic
 + Level 0.2 Ice Magic
 + Level 0.2 Air Magic
 + Level 0.2 Earth Magic
 + Level 0.2 Poison Magic
 + Level 0.5 Invocations
 + Level 0.4 Evocations


You had 9 spell levels left.
You knew the following spells:

 Your Spells              Type           Power      Damage    Failure   Level
a - Apportation           Tloc           36%        N/A       1%          1

Your spell library contained the following spells:

 Spells                   Type           Power      Damage    Failure   Level
 Blink                    Tloc           36%        N/A       2%          2
 Iskenderun's Mystic Bla  Conj/Tloc      10%        2d4       52%         4
 Animate Armour           Summ/Erth      6%         N/A       94%         4
 Blade Hands              Tmut           1%         N/A       100%        5
 Iron Shot                Conj/Erth      1%         9d1       100%        6


Dungeon Overview and Level Annotations

Branches:
Dungeon (1/15)

Altars:


Innate Abilities, Weirdness & Mutations

You have very sharp teeth.
Your uncanny sense of smell can sniff out nearby items.
Your experience applies equally to all skills.


Message History

You hit the jackal.
The jackal is severely wounded.
The bat misses you. You block the jackal's attack.
You hit the jackal.
You kill the jackal!
The bat closely misses you. The bat misses you.
The jackal barks!
The bat closely misses you.
You barely miss the bat. You block the bat's attack.
You block the bat's attack.
You hit the jackal.
The jackal is severely wounded.
The bat hits you but does no damage. The jackal misses you.
The jackal barely misses you.
You hit the jackal.
The jackal is almost dead.
The bat barely misses you. The jackal misses you.
You barely miss the jackal.
The jackal is almost dead.
The bat closely misses you. The bat hits you but does no damage.
You block the jackal's attack. The bat hits you but does no damage.
You hit the jackal.
You kill the jackal!
The bat hits you but does no damage.
You closely miss the bat. The bat closely misses you.
You are too injured to fight recklessly!
The bat hits you but does no damage. x2
You closely miss the bat. The bat hits you. You block the bat's attack.
You hit the bat.
You kill the bat!
Things that are here:
a bat corpse; a jackal corpse You start resting.
HP restored.
You see here a jackal skeleton.
g - a scroll labelled REMUZAIZIK Really walk into a travel-excluded area?
You are engulfed in blazing flames.
Ouch! That really hurt!
You die...

#....†............#
#..######...#####.# #..# #§.§#
#÷# #..# #§§.# #÷###### #..#
#☼§☼# #......## #.
#..######...#####.#.....### #.
#..#.§S..?.[.§§○........... .
#.S..☼°§.?((.☼°☼..........#
#..#.§§§.!...§§@..........# #.
#..######...#####.........# #.
#..# #§§ #........## #. #..#
#.#.....## #. #..# #......## #.
#..## ### #####.##### ###.
#...###... #.# #.# #.##..
#.#........###.# #.# .#....
#...###........###.######.###...


There were no monsters in sight!

Vanquished Creatures
  2 bats (D:1)
  A hobgoblin (D:1)
  5 jackals (D:1)
  A ball python (D:1)
  2 frilled lizards (D:1)
  A rat (D:1)
12 creatures vanquished.

Notes
Turn   | Place    | Note
-------+----------+-------------------------------------------
     0 | D:1      | booth the Gnoll Wanderer began the quest for the Orb.
     0 | D:1      | booth set off with the following items: a +0 short sword, a
                  | +0 buckler, a scroll of fear, a +0 robe; and the following
                  | spell memorised: Apportation; and the following spells
                  | available to memorise: Blink, Iskenderun's Mystic Blast.
     0 | D:1      | Reached XP level 1. HP: 13/13 MP: 6/6
   177 | D:1      | Found a faded altar of an unknown god.
   488 | D:1      | Reached XP level 2. HP: 7/19 MP: 7/7
   779 | D:1      | Engulfed by a cloud of flame

Illustrated notes

Levels and vault maps discovered:
D:1:      beargit_arrival_greenhouse, layout_loops_ring,
          chequers_ecumenical_altar_simple_redux, amethyst_killhole,
          hangedman_decor_slide_cut, lemuel_flame_loot_1

Action                   || total
-------------------------++-------
Melee: Short sword       ||    55
       Bite              ||     1
 Stab: Sleeping          ||     1
Armor: Robe              ||    12
Dodge: Dodged            ||    30
Block: Buckler           ||    17
